 Dungeon Crawl Stone Soup version 0.20.0-10-g0535bb4 (webtiles) character file.

178395 asthiss the Fencer (level 17, -2/156 HPs)
             Began as a Minotaur Fighter on June 1, 2017.
             Was a High Priest of Trog.
             Killed from afar by a shock serpent (24 damage)
             ... with a bolt of electricity
             ... on level 3 of the Snake Pit on June 7, 2017.
             The game lasted 03:22:20 (30256 turns).

asthiss the Fencer (Minotaur Fighter)              Turns: 30256, Time: 03:22:21

Health: -2/156     AC: 16    Str: 27    XL:     17   Next: 57%
Magic:  17/17      EV:  9    Int:  5    God:    Trog [*****.]
Gold:   550        SH: 17    Dex: 15    Spells: 16/16 levels left

rFire    + + +     SeeInvis +   w - +5 demon blade of Iluhay Waisch {flame, Dex+4}
rCold    + + .     Gourm    .   r - +2 shield {rC+ rF+}
rNeg     . . .     Faith    .   Q - +2 plate armour {rF+}
rPois    +         Spirit   .   F - +0 hat {MR+}
rElec    .         Reflect  .   g - scarf {rC+ rF+}
rCorr    .         Harm     .   v - +0 pair of gloves {archery}
MR       ++++.                  G - +1 pair of boots
Stlth    ..........             (no amulet)
Regen    1.4/turn               p - ring of see invisible
MPRegen  0.2/turn               I - ring of poison resistance

@: lethally poisoned (-2 -> -2), regenerating, constricted
A: retaliatory headbutt, hooves 1, horns 2, camouflage 1, deformed body
a: Berserk, Trog's Hand, Brothers in Arms, Burn Spellbooks, Renounce Religion


You were on level 3 of the Snake Pit.
You worshipped Trog.
Trog was extremely pleased with you.
You were not hungry.

You visited 4 branches of the dungeon, and saw 26 of its levels.
You visited 1 bazaar.

You collected 1845 gold pieces.
You spent 1295 gold pieces at shops.

Inventory:

Hand Weapons
 w - the +5 demon blade of Iluhay Waisch (weapon) {flame, Dex+4}
   (Trog gifted it to you on level 14 of the Dungeon)

   It has been specially enchanted to burn those struck by it, causing extra
   injury to most foes and up to half again as much damage against particularly
   susceptible opponents.
   Big, fiery blades are also staple armaments of hydra-hunters.
   It affects your dexterity (+4).
 P - a +3 double sword of slicing
Missiles
 c - 6 javelins of returning (quivered)
Armour
 g - a scarf of resistance (worn)
 r - a +2 shield of resistance (worn)
 v - a +0 pair of gloves of archery (worn)
 F - a +0 hat of magic resistance (worn)
 G - a +1 pair of boots (worn)
 Q - a +2 plate armour of fire resistance (worn)
Jewellery
 e - a +5 ring of dexterity
 i - an uncursed ring of protection from magic
 n - an uncursed ring of stealth {unknown}
 o - an uncursed ring of positive energy
 p - a ring of see invisible (left hand)
 q - an uncursed ring of magical power
 I - a ring of poison resistance (right hand)
 L - a +4 ring of evasion
 S - a +3 ring of slaying
Wands
 b - a wand of lightning (7/15)
 j - a wand of polymorph (24/24)
 l - a wand of flame (44/48)
 m - a wand of flame (24/48)
 D - a wand of flame (27/48)
 U - a wand of iceblast (12/15)
Scrolls
 d - 11 scrolls of remove curse
 f - a scroll of fear
 h - 2 scrolls of teleportation
 t - a scroll of enchant armour
 u - a scroll of recharging
 y - 4 scrolls of identify
 E - 5 scrolls of magic mapping
 J - 2 scrolls of fog
 K - a scroll of blinking
 O - 2 scrolls of acquirement
Potions
 k - a potion of invisibility
 s - a potion of berserk rage
 x - 3 potions of haste
 z - 6 potions of might
 A - 4 potions of agility
 C - 7 potions of heal wounds
 M - 5 potions of curing
 R - 4 potions of lignification
 W - 2 potions of magic
 X - a potion of brilliance
Comestibles
 a - 14 fruits
 B - 12 royal jellies
 N - 9 meat rations


   Skills:
 * Level 15.0 Fighting
   Level 9.7(13.5) Short Blades
 * Level 16.4(17.4) Long Blades
 * Level 14.7 Throwing
 + Level 12.6 Armour
 * Level 7.4 Dodging
 * Level 2.5 Stealth
 + Level 15.2 Shields
 * Level 1.3 Evocations


You had 16 spell levels left.
You didn't know any spells.

Dungeon Overview and Level Annotations

Branches:
Dungeon (15/15)            Temple (1/1) D:7            Lair (6/6) D:8
 Shoals (0/4) Lair:3        Snake (4/4) Lair:3        Slime (0/5) Lair:6
    Orc (0/2) D:10         Vaults (0/5) D:13         Depths (0/5) D:15

Altars:
Ashenzari
Cheibriados
Dithmenos
Elyvilon
Fedhas
Gozag
Hepliaklqana
Kikubaaqudgha
Makhleb
Nemelex Xobeh
Okawaru
Qazlal
Ru
Sif Muna
Trog
Uskayaw
Vehumet
Xom
Yredelemnul
Zin
Jiyva

Shops:
D:12 [   D:13 =

Portals:
Trove: D:10 (lose all piety)

Annotations:
Lair:5 exclusion: ice statue
Snake:4 Louise


Innate Abilities, Weirdness & Mutations

You reflexively headbutt those who attack you in melee.
You have a pair of horns on your head.
You have large cloven feet.
Your skin changes colour to match your surroundings (Stealth+).
Armour fits poorly on your strangely shaped body.


Message History

You feel sick. The shock serpent bites you! The shock serpent shocks you!
You block the naga's attack. x2
You climb upwards.
You feel sick.
There is a stone staircase leading down here.
You slash the naga! You burn the naga.
The naga is severely wounded.
The shock serpent shoots out a bolt of lightning at you!
The bolt of electricity hits you!
* * * LOW HITPOINT WARNING * * *
The bolt of electricity hits you!
* * * LOW HITPOINT WARNING * * *
The bolt of electricity hits the shock serpent.
The shock serpent completely resists.
You block the naga's attack. The naga grabs you. The naga constricts you.
Your skin crawls.
You feel resistant to hostile enchantments.
You feel somewhat more hungry.
You feel sick.
The shock serpent shoots out a bolt of lightning at you!
The bolt of electricity hits you!
You die...

######### #.......# ####.#.##
#.#.# ################## #.#.#
...............N@# #.#.#
#########.######S# #.#.#
########.# #.# #.#.#
##.....##.#### #.# #.#.# #####
.............# #.# #.#.# #....
##.....##.##.# #.####.#.# #.#.#
#...).##.##.# #......#.# #.#..
#.....##.##.# #.######.#####.#.#
#.....##.##†##########.....#.#.#


You could see a shock serpent and a naga.

Vanquished Creatures
  Kirke (D:14)
  2 nagarajas
  Aizul (Snake:4)
  Nessos (Lair:5)
  8 naga warriors
  Erolcha (D:11)
  3 vault guards (D:13)
  4 hydras
  A death knight (D:12)
  Fannar (D:10)
  12 anacondas
  4 centaur warriors
  2 tengu warriors (D:14)
  A vampire mage (D:15)
  7 two-headed ogres
  5 naga sharpshooters
  2 shock serpents
  Nergalle (Lair:4)
  The ghost of Gravenous the Zephyrmancer, a novice KoAE of Hepliaklqana (D:8)
  4 skeletal warriors (D:15)
  A salamander mystic (Snake:3)
  An unseen horror (D:14)
  6 naga ritualists
  6 wizards
  2 necromancers
  Pikel (D:6)
  A harpy (shapeshifter) (D:13)
  2 ugly things
  A deep elf mage (D:6)
  10 mana vipers
  13 salamanders
  3 oklob plants (Lair:6)
  35 black mambas
  2 manticores
  Joseph (D:10)
  7 guardian serpents
  An elephant (Lair:3)
  Maurice (D:10)
  16 spiny frogs
  A frost giant skeleton (D:15)
  12 naga magi
  10 rime drakes
  2 kobold demonologists
  A yaktaur (D:15)
  A redback zombie (D:13)
  2 efreet
  4 freezing wraiths
  6 komodo dragons
  A spriggan skeleton (D:15)
  A tengu conjurer (D:13)
  A meliai (D:13)
  4 polar bears (Lair:5)
  A queen bee (Lair:3)
  4 trolls
  A jumping spider (shapeshifter) (D:14)
  17 blink frogs
  3 hornets
  A meliai zombie (D:14)
  7 dream sheep
  18 hippogriffs
  3 slime creatures (D:12)
  A fire dragon zombie (D:15)
  Sigmund (D:3)
  12 spriggans (Lair:6)
  An elf skeleton (D:15)
  A wraith (D:15)
  9 wyverns
  2 shadows
  A hog (D:14)
  47 yaks
  16 humans (D:13)
  10 basilisks
  3 steam dragons
  2 hungry ghosts
  3 vampire mosquitoes (D:15)
  Menkaure (D:7)
  8 swamp worms (Lair:3)
  40 nagas
  An acid dragon (D:15)
  2 soldier ants (D:12)
  11 water moccasins
  8 porcupines
  9 orc warriors
  3 sky beasts
  11 black bears
  2 phantoms
  6 ice beasts
  A slave (D:6)
  2 eyes of draining
  A hornet zombie (D:14)
  5 boggarts (Lair:6)
  A necrophage (D:6)
  6 ogres
  28 wolves
  12 crocodiles
  8 centaurs
  Blork the orc (D:4)
  2 big kobolds
  19 bullfrogs
  A water moccasin zombie (D:6)
  4 scorpions
  21 killer bees (Lair:3)
  A water moccasin skeleton (D:10)
  5 wights (D:10)
  4 howler monkeys
  An electric eel (Lair:2)
  5 crimson imps
  A bullfrog zombie (D:11)
  3 quasits
  A bullfrog skeleton (D:11)
  8 hounds
  A jelly (D:13)
  5 orc priests
  5 centaur zombies
  10 orc wizards
  5 centaur skeletons
  3 iguanas
  13 worker ants
  2 hound zombies
  Robin (D:2)
  12 adders
  7 gnolls
  2 river rats (D:4)
  4 shadow imps
  3 white imps (Lair:5)
  5 oozes (D:1)
  2 adder skeletons
  14 worms
  2 dart slugs
  9 leopard geckos
  43 orcs
  3 ball pythons
  8 bats
  4 giant cockroaches
  14 goblins
  6 hobgoblins
  11 jackals
  14 kobolds
  7 quokkas
  6 frilled lizards
  A jackal skeleton (D:7)
  10 rats
  A spectral orc (D:3)
  6 plants
864 creatures vanquished.

Vanquished Creatures (collateral kills)
  Gastronok (Lair:3)
  A skeletal warrior (D:15)
  A cyclops (D:11)
  A guardian serpent (Snake:1)
  A rime drake (Lair:5)
  A tengu conjurer (D:13)
  2 meliai (D:13)
  A wyvern (Lair:5)
  A naga (Snake:1)
  A water moccasin (Lair:3)
  A centaur (D:11)
  A bullfrog (D:11)
  6 killer bees (Lair:3)
  A centaur zombie (D:11)
  An iguana (D:11)
  A worker ant (D:11)
22 creatures vanquished.

Vanquished Creatures (others)
  A wizard (D:4)
  2 guardian serpents
  A human (D:14)
  A slave (D:6)
  2 killer bees (Lair:3)
  A jelly (D:14)
  5 kobolds (D:14)
  4 fungi
  8 plants
25 creatures vanquished.

Grand Total: 911 creatures vanquished

Notes
Turn   | Place    | Note
-------+----------+-------------------------------------------
     0 | D:1      | asthiss the Minotaur Fighter began the quest for the Orb.
     0 | D:1      | Reached XP level 1. HP: 19/19 MP: 0/0
     1 | D:1      | Found a runed door.
    19 | D:1      | Reached XP level 2. HP: 26/27 MP: 1/1
    45 | D:1      | Reached XP level 3. HP: 13/33 MP: 2/2
   893 | D:2      | Noticed Robin
   916 | D:2      | Reached XP level 4. HP: 35/41 MP: 3/3
   925 | D:2      | Killed Robin
   925 | D:2      | Reached skill level 3 in Long Blades
  1276 | D:2      | Gained mutation: Your body sometimes deteriorates upon taking damage. [potion of mutation]
  1276 | D:2      | Gained mutation: You are weak. (Str -2) [potion of mutation]
  1276 | D:2      | Lost mutation: You are weak. (Str -2) [potion of mutation]
  1276 | D:2      | Gained mutation: Your flesh is heat resistant. (rF+) [potion of mutation]
  1446 | D:2      | Reached XP level 5. HP: 47/47 MP: 4/4
  1534 | D:2      | Reached skill level 1 in Dodging
  1756 | D:3      | Found a snail-covered altar of Cheibriados.
  1872 | D:3      | Reached skill level 5 in Armour
  2108 | D:3      | Found a blossoming altar of Fedhas.
  2109 | D:3      | Noticed Sigmund
  2127 | D:3      | Killed Sigmund
  2127 | D:3      | Reached skill level 5 in Fighting
  2127 | D:3      | Reached skill level 4 in Long Blades
  2127 | D:3      | Reached skill level 5 in Shields
  2127 | D:3      | Reached XP level 6. HP: 49/56 MP: 5/5
  2289 | D:3      | Found a shadowy altar of Dithmenos.
  2686 | D:3      | Found a basalt altar of Yredelemnul.
  2914 | D:4      | Reached skill level 5 in Long Blades
  3033 | D:4      | Found a glowing drain.
  3223 | D:4      | Reached XP level 7. HP: 13/61 MP: 6/6
  3466 | D:4      | Found a bloodstained altar of Trog.
  3469 | D:4      | Noticed a wizard
  3474 | D:4      | Killed a wizard
  3476 | D:4      | Became a worshipper of Trog the Wrathful
  3559 | D:4      | Noticed Blork the orc
  3570 | D:4      | Killed Blork the orc
  3993 | D:4      | Reached skill level 6 in Long Blades
  4165 | D:5      | Entered Level 5 of the Dungeon
  4204 | D:5      | You fall through a shaft!
  4272 | D:6      | Found an iron altar of Okawaru.
  4312 | D:6      | Reached * piety under Trog
  4410 | D:6      | Reached skill level 7 in Long Blades
  4410 | D:6      | Reached XP level 8. HP: 51/70 MP: 7/7
  4523 | D:6      | Noticed Pikel
  4543 | D:6      | Killed Pikel
  4543 | D:6      | Reached skill level 8 in Long Blades
  4746 | D:6      | Found a deep blue altar of Sif Muna.
  4851 | D:6      | Noticed a deep elf mage
  4862 | D:6      | Killed a deep elf mage
  4862 | D:6      | Reached skill level 1 in Short Blades
  4862 | D:6      | Reached XP level 9. HP: 76/77 MP: 8/8
  5100 | D:6      | Found an opulent altar of Gozag.
  5211 | D:7      | Reached skill level 1 in Stealth
  5220 | D:7      | Reached skill level 9 in Long Blades
  5273 | D:7      | Reached ** piety under Trog
  5452 | D:7      | Noticed Menkaure
  5458 | D:7      | Killed Menkaure
  5501 | D:7      | Found a staircase to the Ecumenical Temple.
  5516 | Temple   | Entered the Ecumenical Temple
  6125 | D:7      | Reached skill level 1 in Throwing
  6774 | D:8      | Noticed Gravenous's ghost (novice KoAE)
  6789 | D:8      | Killed Gravenous's ghost
  6789 | D:8      | Reached XP level 10. HP: 51/86 MP: 9/9
  6801 | D:8      | Found a sparkling altar of Nemelex Xobeh.
  6911 | D:8      | Found a staircase to the Lair.
  6931 | D:8      | Noticed a two-headed ogre
  6941 | D:8      | Killed a two-headed ogre
  6941 | D:8      | Reached skill level 5 in Short Blades
  6941 | D:8      | Reached skill level 10 in Long Blades
  7887 | D:9      | Noticed a two-headed ogre
  7898 | D:9      | Killed a two-headed ogre
  7945 | D:9      | Reached *** piety under Trog
  8392 | D:9      | Found a hide-covered altar of Uskayaw.
  8392 | D:9      | Found a hazy altar of Hepliaklqana.
  8393 | D:9      | Found a white marble altar of Elyvilon.
  8441 | D:9      | Found a shattered altar of Ashenzari.
  8617 | D:10     | Entered Level 10 of the Dungeon
  8670 | D:10     | Noticed Joseph
  8684 | D:10     | Killed Joseph
  8684 | D:10     | Reached XP level 11. HP: 79/95 MP: 10/10
  8849 | D:10     | Noticed a wizard
  8857 | D:10     | Reached skill level 5 in Throwing
  8865 | D:10     | Killed a wizard
  8943 | D:10     | Reached skill level 11 in Long Blades
  8979 | D:10     | Noticed Fannar
  9004 | D:10     | Killed Fannar
  9004 | D:10     | Reached **** piety under Trog
  9369 | D:10     | Found a staircase to the Orcish Mines.
  9511 | D:10     | Noticed a wizard
  9511 | D:10     | Noticed Maurice
  9513 | D:10     | Found a portal to a secret trove of treasure.
  9528 | D:10     | Killed a wizard
  9532 | D:10     | Killed Maurice
  9633 | D:11     | Noticed a two-headed ogre
  9811 | D:12     | Found Telaej's Antique Armour Shop.
  9819 | D:12     | Bought a pair of runed gloves for 240 gold pieces
 10017 | D:12     | Noticed a purple ugly thing
 10184 | D:12     | Killed a purple ugly thing
 10377 | D:12     | Noticed a death knight
 10551 | D:12     | Killed a death knight
 10551 | D:12     | Reached skill level 10 in Shields
 10742 | D:12     | Got a faintly glowing leather armour
 10885 | D:11     | Noticed a two-headed ogre
 10885 | D:11     | Killed a two-headed ogre
 10885 | D:11     | Reached XP level 12. HP: 106/106 MP: 11/11
 10896 | D:11     | Killed a two-headed ogre
 10904 | D:11     | Received a gift from Trog
 10979 | D:11     | Identified the +1 leather armour "Zomali" {rF+ rCorr Str-3 Int+5 Dex-3} (You took it off an orc on level 12 of the Dungeon)
 11500 | D:11     | Noticed Erolcha
 11509 | D:11     | Killed Erolcha
 11509 | D:11     | Reached skill level 10 in Fighting
 11552 | D:11     | Received a gift from Trog
 11729 | D:13     | Reached skill level 12 in Long Blades
 12216 | D:13     | Noticed a two-headed ogre
 12225 | D:13     | Killed a two-headed ogre
 12568 | Lair:1   | Entered Level 1 of the Lair of Beasts
 12638 | Lair:1   | Received a gift from Trog
 12885 | Lair:1   | Noticed a four-headed hydra
 12892 | Lair:1   | Killed a four-headed hydra
 13919 | Lair:2   | Identified 3 scrolls of acquirement
 14003 | Lair:2   | Reached skill level 10 in Armour
 14006 | Lair:2   | Reached XP level 13. HP: 98/114 MP: 12/12
 14475 | Lair:3   | Noticed Gastronok
 14487 | Lair:3   | Killed Gastronok
 14544 | Lair:3   | Found a staircase to the Snake Pit.
 14899 | Lair:3   | Found a staircase to the Shoals.
 14943 | Lair:3   | Received a gift from Trog
 15043 | Lair:3   | Reached skill level 13 in Long Blades
 15090 | Lair:3   | Received a gift from Trog
 15526 | Lair:3   | Identified the Volume of Confrontation
 15927 | Lair:3   | Received a gift from Trog
 16250 | Lair:4   | Received a gift from Trog
 16252 | Lair:4   | Reached skill level 10 in Throwing
 16413 | Lair:4   | Noticed Nergalle
 16427 | Lair:4   | Killed Nergalle
 17413 | Lair:5   | Noticed Nessos
 17431 | Lair:5   | Killed Nessos
 17431 | Lair:5   | Reached skill level 14 in Long Blades
 17583 | Lair:5   | Reached XP level 14. HP: 119/124 MP: 13/13
 18420 | Lair:5   | Received a gift from Trog
 19005 | Lair:6   | Entered Level 6 of the Lair of Beasts
 19345 | Lair:6   | Received a gift from Trog
 19599 | Lair:6   | Received a gift from Trog
 19729 | Lair:6   | Reached skill level 15 in Long Blades
 20103 | Lair:6   | Received a gift from Trog
 20290 | Lair:6   | Reached ***** piety under Trog
 20724 | Lair:6   | Found a staircase to the Slime Pits.
 21180 | D:12     | Bought a runed plate armour for 832 gold pieces
 21388 | D:13     | Received a gift from Trog
 21426 | D:13     | Found a gate to the Vaults.
 21455 | D:13     | Reached XP level 15. HP: 115/134 MP: 14/14
 21630 | D:13     | Found Riyji's Jewellery Boutique.
 21821 | D:13     | Reached skill level 1 in Evocations
 21821 | D:13     | Reached XP level 16. HP: 143/143 MP: 15/15
 21845 | D:13     | Reached skill level 16 in Long Blades
 22083 | D:14     | Upgraded the game from 0.20.0-8-g6b59dc7 to 0.20.0-10-g0535bb4
 22162 | D:14     | Noticed Kirke
 22185 | D:14     | Killed Kirke
 22198 | D:14     | Found a frozen archway.
 22474 | D:14     | Received a gift from Trog
 22475 | D:14     | Got a transparent demon blade {god gift}
 22497 | D:14     | Identified the +5 demon blade of Iluhay Waisch {flame, Dex+4} (Trog gifted it to you on level 14 of the Dungeon)
 22968 | D:15     | Entered Level 15 of the Dungeon
 23224 | D:15     | Found a staircase to the Depths.
 23325 | D:15     | Found a flickering gateway to a bazaar.
 23338 | Bazaar   | Entered a bazaar
 23338 | Bazaar   | Found Bixuejoos's Armour Shop.
 23338 | Bazaar   | Found Vadoej's Gadget Emporium.
 23338 | Bazaar   | Found Sysmaclu's Antique Weapon Shop.
 23338 | Bazaar   | Found Vumpa's Antique Weapon Shoppe.
 23459 | Bazaar   | Found Tumaipru's Weapon Shoppe.
 23459 | Bazaar   | Found Aginij's Weapon Boutique.
 23495 | Bazaar   | Bought 4 javelins of returning for 89 gold pieces
 23495 | Bazaar   | Bought 4 steel javelins for 134 gold pieces
 23687 | D:15     | Reached skill level 5 in Dodging
 23794 | D:15     | Found a deep blue altar of Sif Muna.
 24103 | Snake:1  | Entered Level 1 of the Snake Pit
 25374 | Snake:1  | Received a gift from Trog
 26321 | Snake:2  | Received a gift from Trog
 26328 | Snake:2  | Lost mutation: Your body sometimes deteriorates upon taking damage. [potion of mutation]
 26328 | Snake:2  | Lost mutation: Your flesh is heat resistant. (rF+) [potion of mutation]
 26328 | Snake:2  | Gained mutation: You are partially covered in rugged brown scales. (AC +1, +3% HP) [potion of mutation]
 26328 | Snake:2  | Gained mutation: You are weak. (Str -2) [potion of mutation]
 26328 | Snake:2  | Gained mutation: Your magical capacity is low. (-10% MP) [potion of mutation]
 26328 | Snake:2  | Lost mutation: Your magical capacity is low. (-10% MP) [potion of mutation]
 26329 | Snake:2  | Lost mutation: You are weak. (Str -2) [potion of mutation]
 26329 | Snake:2  | Lost mutation: You are partially covered in rugged brown scales. (AC +1, +3% HP) [potion of mutation]
 26329 | Snake:2  | Gained mutation: Armour fits poorly on your strangely shaped body. [potion of mutation]
 26329 | Snake:2  | Gained mutation: Your skin changes colour to match your surroundings (Stealth+). [potion of mutation]
 26329 | Snake:2  | Gained mutation: You have large cloven feet. [potion of mutation]
 26724 | Snake:2  | Reached XP level 17. HP: 154/154 MP: 16/16
 28393 | Snake:3  | Received a gift from Trog
 28556 | Snake:3  | Reached skill level 15 in Shields
 29817 | Snake:4  | Entered Level 4 of the Snake Pit
 29841 | Snake:4  | Noticed Aizul
 29859 | Snake:4  | Killed Aizul
 29859 | Snake:4  | Reached skill level 15 in Fighting
 30252 | Snake:4  | Noticed Louise
 30256 | Snake:3  | Killed from afar by a shock serpent

Skill      XL: |  1  2  3  4  5  6  7  8  9 10 11 12 13 14 15 16 17 |
---------------+----------------------------------------------------+-----
Fighting       | 4 5 6 7 8 9 10 11 12 13 14 15 | 15.0
Armour         | 4 5 6 7 8 9 10 11 12 | 12.6
Shields        | 4 5 6 7 8 9 10 11 12 13 14 15 | 15.2
Long Blades    | 3 4 5 7 8 9 10 11 12 14 15 16 | 16.4
Dodging        | 1 2 3 4 6 7 |  7.4
Short Blades   | 1 4 6 8 9 |  9.7
Stealth        | 1 2 |  2.5
Throwing       | 1 4 6 9 10 12 13 14 | 14.7
Evocations     | 1 |  1.3

Action                   |  1- 3 |  4- 6 |  7- 9 | 10-12 | 13-15 | 16-18 || total
-------------------------+-------+-------+-------+-------+-------+-------++-------
Melee: Long sword        |    84 |   216 |    64 |       |       |       ||   364
       Headbutt          |    16 |    39 |    40 |   172 |   183 |   159 ||   609
       Falchion          |       |       |    46 |       |       |       ||    46
       Rapier            |       |       |   128 |   642 |       |       ||   770
       Double sword      |       |       |       |    17 |   841 |    56 ||   914
       Demon blade       |       |       |       |       |       |   553 ||   553
Throw: Javelin           |       |       |    18 |   107 |   265 |   316 ||   706
       Tomahawk          |       |       |       |   132 |    22 |       ||   154
Invok: Burn Spellbooks   |       |       |       |     2 |     4 |     3 ||     9
       Trog's Hand       |       |       |       |     4 |     8 |     5 ||    17
       Berserk           |       |       |       |     3 |     2 |     3 ||     8
       Brothers in Arms  |       |       |       |     3 |     9 |     4 ||    16
  Use: Scroll            |     9 |     4 |     5 |    12 |    12 |    13 ||    55
       Potion            |       |     7 |     4 |     5 |     9 |     4 ||    29
  Eat: Chunk             |       |     2 |     4 |     3 |       |       ||     9
       Bread ration      |       |     2 |       |     3 |     4 |     6 ||    15
       Meat ration       |       |       |     1 |     1 |       |       ||     2
       Royal jelly       |       |       |     4 |     3 |     5 |       ||    12
       Fruit             |       |       |       |    11 |     3 |     8 ||    22
Armor: Scale mail        |    35 |    76 |   100 |    38 |       |       ||   249
       Plate armour      |       |       |       |   140 |   255 |   191 ||   586
Dodge: Dodged            |    30 |    86 |    83 |    69 |   123 |   162 ||   553
Block: Shield            |    38 |   120 |   133 |    22 |       |   440 ||   753
       Large shield      |       |       |       |   453 |   906 |    34 ||  1393
       Rpst.: Long sword |     6 |    15 |     3 |       |       |       ||    24
       Falchion          |       |       |    10 |       |       |       ||    10
       Double sword      |       |       |       |       |    32 |     1 ||    33
       Demon blade       |       |       |       |       |       |    35 ||    35
